Get step-by-step instructions on how to execute this build order below. Start the game timer, and the build order will tick by so you can play in parallel with StarCraft on a second screen or mobile device.

Game Time

  0:00

Last Step

  N/A

Next Step

Upcoming Step



Don't want to look back and forth between 2 screens? Try out our Overwolf App, the Spawning Tool Build Advisor to get an in-game overlay with this build!

Complete Build Order

  12  0:00  SCV  
  13  0:12  SCV  
  14  0:17  Supply Depot  
  14  0:24  SCV  
  14  0:27  Refinery  
  15  0:38  SCV  
  16  0:45  Barracks  
  16  0:50  SCV  
  17  1:03  SCV  
  18  1:08  Engineering Bay  
  18  1:15  SCV  
  19  1:32  Orbital Command  
  20  1:34  Marine  
  20  1:37  Factory  
  20  1:46  Supply Depot  
  20  1:54  Barracks Reactor  
  20  1:59  SCV  
  21  2:07  Supply Depot  
  21  2:11  SCV  
  22  2:24  SCV  
  23  2:32  Cyclone x2  
  23  2:36  SCV  
  28  2:37  Marine  
  29  2:50  Command Center, SCV  
  30  2:55  Marine  
  31  3:04  Cyclone  
  31  3:05  Cyclone  
  35  3:06  SCV  
  35  3:10  Supply Depot  
  36  3:18  SCV  
  37  3:21  Refinery  
  37  3:30  SCV  
  37  3:32  Marine  
  37  3:43  SCV  
  37  3:48  Cyclone x2  
  42  3:55  Barracks Tech Lab, SCV  
  43  4:03  Orbital Command  
  43  4:07  SCV  
  44  4:19  SCV  
  45  4:27  Marine x2  
  45  4:28  Siege Tank  
  45  4:30  Barracks  
  52  4:31  SCV x2  
  52  4:32  Barracks  
  52  4:38  Supply Depot  
  52  4:43  SCV x2  
  52  4:44  Marine  
  52  4:45  Marine  
  56  4:48  Supply Depot  
  56  4:55  SCV x2  
  56  5:01  Siege Tank  
  56  5:02  Marine x2  
  61  5:07  SCV x2  
  61  5:10  Engineering Bay, Refinery  
  63  5:19  SCV x2  
  63  5:20  Marine  
  60  5:24  Barracks Tech Lab x2  
  60  5:28  Marine  
  55  5:31  SCV x2  
  55  5:33  Siege Tank  
  60  5:39  Terran Infantry Weapons Level 1  
  60  5:41  Supply Depot  
  60  5:44  SCV x2  
  60  5:48  Marine x2  
  68  5:50  Stimpack  
  68  5:51  Marine x2  
  68  5:54  Combat Shield  
  68  5:56  SCV x2  
  68  5:58  Command Center  
  68  6:02  Refinery  
  68  6:07  Marine x2  
  68  6:08  SCV x2  
  68  6:10  Supply Depot  
  72  6:13  Marauder x2  
  76  6:19  Starport  
  76  6:23  SCV  
  76  6:24  Factory Reactor, Supply Depot  
  77  6:26  Marine x2  
  77  6:31  Supply Depot  
  79  6:35  Marauder x2  
  79  6:36  SCV  
  83  6:45  Marine x2  
  83  6:46  SCV  
  86  6:57  Marauder x2  
  86  6:59  Supply Depot  
  90  7:04  Barracks  
  90  7:06  Barracks  
  90  7:10  Factory Reactor  
  90  7:13  SCV  
  90  7:14  Marine x2  
  90  7:15  SCV  
  94  7:21  Marauder x2  
  88  7:25  Medivac x2  
  91  7:31  Supply Depot, SCV  
  91  7:35  SCV  
  92  7:42  Marauder  
  88  7:47  Marine x2  
  88  7:48  Marauder  
  88  7:50  SCV x2  
  86  7:51  Orbital Command  
  86  7:57  Medivac x2  
  89  8:00  Terran Infantry Armor Level 1  
  89  8:02  SCV  
  89  8:03  Marauder  
  89  8:04  Factory Reactor, Armory  
  92  8:06  Marine x5  
  92  8:08  Marine, SCV, Refinery  
  99  8:14  SCV  
  99  8:18  SCV  
  101  8:23  Marine  
  101  8:24  Marine x2  
  104  8:27  Refinery  
  104  8:28  Marauder x3  
  104  8:29  Supply Depot  
  104  8:31  Supply Depot, SCV x3  
  104  8:33  Missile Turret x2  
  113  8:35  Supply Depot  
  113  8:42  Concussive Shells  
  113  8:43  Marine x2  
  113  8:45  Medivac  
  113  8:46  Medivac  
  119  8:49  Marauder  
  119  8:50  Supply Depot, Marauder  
  123  8:56  SCV x3, Marauder  
  123  9:01  Supply Depot  
  128  9:07  Bunker, Widow Mine  
  128  9:08  Widow Mine  
  128  9:09  Marine x2, Supply Depot  
  132  9:10  Marine x2  
  132  9:15  Viking  
  132  9:16  Viking  
  138  9:31  Marauder, Marine x2  
  138  9:32  Marauder x2, Marine x2  
  148  9:47  Supply Depot  
  148  9:48  Ghost Academy  
  148  9:52  Marine x4  
  149  9:54  Marauder x3  
  149  9:59  Viking x2  
  157  10:13  Marine x2  
  157  10:14  Marine x2  
  156  10:15  Command Center